 Dungeon Crawl Stone Soup version 0.31-a0-339-gda1cbd555d (webtiles) character file.

Game seed: 9267807844170620915

75 Newt the Ducker (level 4, 0/36 HPs)
             Began as a Barachi Fighter on July 20, 2023.
             Slain by an orc
             ... wielding a +0 trident
              (6 damage)
             ... on level 3 of the Dungeon.
             The game lasted 00:02:06 (1823 turns).

Newt the Ducker (Barachi Fighter)                   Turns: 1823, Time: 00:02:06

Health: 0/36       AC:  3    Str: 18    XL:     4   Next: 31%
Magic:  4/4        EV:  9    Int:  8    God:
Gold:   121        SH:  0    Dex: 13    Spells: 3/3 levels left

rFire   . . .        e - +1 short sword (freeze)
rCold   . . .        c - +3 buckler
rNeg    . . .        n - +0 leather armour of Kunumeiz {rPois Will- rCorr SInv}
rPois   +            (no helmet)
rElec   .            (no cloak)
rCorr   +            (no gloves)
SInv    +            (no boots)
Will    .....        (no amulet)
Stlth   +            (no ring)
HPRegen 0.26/turn    (no ring)
MPRegen 0.09/turn

%: no passive effects
@: confused, constricted, slow
A: amphibious, slowness 1, strong legs 1, +LOS
a: Hop


You were on level 3 of the Dungeon.
You visited 1 branch of the dungeon, and saw 3 of its levels.

You collected 121 gold pieces.

Inventory:

Hand Weapons
 a - a +0 long sword
 e - a +1 short sword of freezing (weapon)
 j - a +1 dagger of holy wrath
Missiles
 h - 5 poisoned darts
 o - 2 boomerangs
Armour
 b - a +0 scale mail
 c - a +3 buckler (worn)
 n - the +0 leather armour of Kunumeiz (worn) {rPois Will- rCorr SInv}
   (You found it on level 2 of the Dungeon)

   rPois:     It protects you from poison.
   SInv:      It lets you see invisible.
   rCorr:     It protects you from acid and corrosion.
   Will:      It decreases your willpower.
Scrolls
 f - 2 scrolls of teleportation
Potions
 d - a potion of might
 g - a potion of lignification
 i - a potion of attraction {unknown}
 k - a potion of curing {unknown}
 l - a potion of heal wounds {unknown}
 p - a potion of enlightenment {unknown}


   Skills:
 - Level 3.6 Fighting
 - Level 2.4 Long Blades
 - Level 3.6 Armour
 + Level 4.2 Dodging
 - Level 3.2 Shields


You had 3 spell levels left.
You didn't know any spells.
Your spell library contained the following spells:

 Spells                   Type           Power      Damage    Failure   Level
 Ensorcelled Hibernation  Hex/Ice        0%         N/A       69%         2
 Passwall                 Tmut/Erth      0%         N/A       69%         2
 Swiftness                Air            0%         N/A       89%         3


Dungeon Overview and Level Annotations

Branches:
Dungeon (3/15)

Altars:


Innate Abilities, Weirdness & Mutations

You are amphibious.
You cover ground slowly.
You can hop short distances.
You have an extended range of vision and can be seen from far away.


Message History

The orc wizard hits you but does no damage.
The orc barely misses you. The ball python closely misses you.
The ball python constricts you.
You escape the ball python's grasp.
The orc wizard gestures at you while chanting.
The magic dart hits you.
Unknown command.
You bump into the rock wall.
The ball python barely misses you. The ball python grabs you.
The ball python constricts you. The orc wizard casts a spell at you.
You are more confused.
The orc hits you from afar with a +0 trident.
Unknown command.
You closely miss the orc wizard.
The orc wizard is almost dead.
The ball python closely misses you. The ball python constricts you.
The orc hits you from afar with a +0 trident.
The orc wizard hits you with a +0 dagger.
The ball python bites you but does no damage.
The ball python constricts you.
You closely miss the orc wizard.
The orc wizard is almost dead.
The ball python barely misses you. The ball python constricts you.
* * * LOW HITPOINT WARNING * * *
The orc hits you but does no damage. The orc barely misses you.
The orc wizard gestures at you while chanting.
You resist with significant effort.
You're too confused to move!
The ball python bites you but does no damage.
The ball python constricts you.
* * * LOW HITPOINT WARNING * * *
The orc barely misses you.
The orc wizard gestures at you while chanting.
You resist with significant effort.
The orc hits you from afar with a +0 trident.
* * * LOW HITPOINT WARNING * * *
You bump into the rock wall.
The ball python barely misses you. The ball python constricts you.
The orc hits you from afar with a +0 trident.
You die...

#................# #
####......#)##......# #
#.........+.##......# #
#.##......####......###
#.####..#.#.........##.
#....#..#.#.####....##.
#..#†####.# #..).##.
#..#...oo.#.# ####..#.
#.....@Sol..# ##...
#.#######....... ##..
#.# ....... ..... #.#
...... ...##. #.#
....## ... #. #. ...#
#.. ## ...# #.. # ..#
#. #.


You could see an orc wizard, 2 orcs, a ball python and a frilled lizard.

Vanquished Creatures
  2 adders (D:2)
  A dart slug (D:1)
  3 endoplasms
  4 giant cockroaches
  4 goblins
  4 hobgoblins
  2 jackals (D:1)
  3 quokkas
  10 ball pythons
  4 bats
  4 frilled lizards
  7 kobolds
  4 rats
52 creatures vanquished.

Notes
Turn   | Place    | Note
-------+----------+-------------------------------------------
     0 | D:1      | Newt the Barachi Fighter began the quest for the Orb.
     0 | D:1      | Reached XP level 1. HP: 18/18 MP: 1/1
    82 | D:1      | Reached skill level 1 in Dodging
   110 | D:1      | Reached XP level 2. HP: 24/24 MP: 2/2
   178 | D:1      | Reached skill level 2 in Dodging
   202 | D:1      | Found a faded altar of an unknown god.
   365 | D:1      | Reached XP level 3. HP: 29/29 MP: 3/3
   747 | D:1      | Reached skill level 3 in Dodging
  1225 | D:2      | Reached XP level 4. HP: 20/36 MP: 4/4
  1345 | D:2      | Reached skill level 4 in Dodging
  1433 | D:2      | Identified the +0 leather armour of Kunumeiz {rPois Will-
                  | rCorr SInv}
  1823 | D:3      | Slain by an orc

Illustrated notes

Levels and vault maps discovered:
D:1:      eino_arrival_druids_welcome, layout_loops_ring,
          nicolae_ecumenical_snake_handling, minmay_tromino_v4_c
D:2:      layout_basic
D:3:      layout_basic, mainiacjoe_overflow_surrounded_room

Skill      XL: |  1  2  3  4 |
---------------+-------------+-----
Dodging        | 1 2 3 4 |  4.2
Fighting       | |  3.6
Long Blades    | |  2.4
Armour         | |  3.6
Shields        | |  3.2

Action                     |  1- 3 |  4- 6 || total
---------------------------+-------+-------++-------
  Melee: Short sword       |   106 |    75 ||   181
         Long sword        |     5 |       ||     5
    Use: Scroll            |     5 |     1 ||     6
 Armour: Scale mail        |    41 |     8 ||    49
         Leather armour    |       |    14 ||    14
  Dodge: Dodged            |    48 |    60 ||   108
  Block: Buckler           |    32 |    31 ||    63

Table legend: (Time is in decaauts)
 A = Elapsed time spent in this place.
 B = Non-inter-level travel time spent in this place.
 C = Inter-level travel time spent in this place.
 D = Time resting spent in this place.
 E = Time spent auto-exploring this place.
 F = Levels seen in this place.
 G = Mean time per level.
                   A        B        C        D        E       F      G
               +--------+--------+--------+--------+--------+-----+--------+
         Total |   2066 |   1933 |    133 |    123 |   1414 |   3 |  688.7 |
       Dungeon |   2066 |   1933 |    133 |    123 |   1414 |   3 |  688.7 |
               +--------+--------+--------+--------+--------+-----+--------+

Top non-repeatable levels by time:
     D:1: 993 daAuts
     D:2: 796 daAuts
     D:3: 276 daAuts
